 Dungeon Crawl Stone Soup version 0.20.1-1-g8b1a95d (webtiles) character file.

206 Ansu the Slasher (level 5, -1/46 HPs)
             Began as a Draconian Chaos Knight on Sept 18, 2017.
             Slain by letownia's ghost (6 damage)
             ... on level 4 of the Dungeon.
             The game lasted 00:17:52 (4855 turns).

Ansu the Slasher (Draconian Chaos Knight)           Turns: 4855, Time: 00:17:53

Health: -1/46      AC:  6    Str: 12 (13) XL:     5   Next: 53%
Magic:  5/5        EV: 13    Int: 13      God:    Xom [*.....]
Gold:   124        SH:  0    Dex: 10      Spells: 4/4 levels left

rFire    . . .     SeeInvis .   a - +0 falchion (chaos)
rCold    . . .     Gourm    .   (no shield)
rNeg     . . .     Faith    .   (armour unavailable)
rPois    .         Spirit   .   (helmet restricted)
rElec    .         Reflect  .   (no cloak)
rCorr    .         Harm     .   w - +0 pair of gloves
MR       +....     Rnd*Tele +   (no boots)
Stlth    +.........             (no amulet)
Regen    0.2/turn               (no ring)
MPRegen  0.1/turn               (no ring)

@: drained
A: unfitting armour, deterioration 1, magic resistance 1, screaming 1,
teleportitis 1, weak 1, cold-blooded, MP-powered wands, AC +5
a: Renounce Religion


You were on level 4 of the Dungeon.
You worshipped Xom.
You were a special plaything of Xom.
You were hungry.

You visited 1 branch of the dungeon, and saw 4 of its levels.

You collected 124 gold pieces.

Inventory:

Hand Weapons
 a - a +0 falchion of chaos (weapon)
 c - a +1 short sword of flaming
 g - a -3 dagger
 n - a -1 dagger
 t - a +2 vampiric short sword
Armour
 w - a +0 pair of gloves (worn)
Wands
 s - a wand of lightning (9/15)
Scrolls
 e - a scroll of fog
 l - a scroll of teleportation
 m - a scroll of identify
 o - a scroll of random uselessness {unknown}
 q - a scroll of enchant armour {unknown}
 r - a scroll of amnesia {unknown}
 u - 3 scrolls of recharging {unknown}
Potions
 d - 3 potions of curing
 f - 2 potions of lignification {unknown}
 i - 3 potions of brilliance {unknown}
 p - a potion of mutation {unknown}
Books
 j - a book of Misfortune

   Spells                             Type                      Level
   a - Confusing Touch                Hexes                        1
   b - Confuse                        Hexes                        3
   c - Gell's Gravitas                Translocation                3
   d - Petrify                        Transmutation/Earth          4
   e - Metabolic Englaciation         Hexes/Ice                    5
   f - Yara's Violent Unravelling     Hexes/Transmutation          5
Comestibles
 b - 2 bread rations
 h - 5 fruits
 k - a royal jelly


   Skills:
 + Level 4.2(4.1) Fighting
 + Level 1.4(3.0) Short Blades
 + Level 4.4 Long Blades
 + Level 3.2(3.1) Dodging
 + Level 1.2(1.0) Stealth


You had 4 spell levels left.
You didn't know any spells.

Dungeon Overview and Level Annotations

Branches:
Dungeon (4/15)
 Temple: D:4-7

Altars:
Elyvilon
Makhleb
Xom

Annotations:
D:4 letownia's ghost, amateur OpTm


Innate Abilities, Weirdness & Mutations

Your plain brown scales are hard. (AC +5)
You cannot fit into any form of body armour.
You are cold-blooded and may be slowed by cold attacks.
Your body sometimes deteriorates upon taking damage.
You are resistant to hostile enchantments. (MR+)
You occasionally shout uncontrollably at your foes.
You are occasionally teleported next to monsters.
You are weak. (Str -2)
You expend magic power (3 MP) to strengthen your wands.


Message History

You don't know any spells.
It was a potion of curing.
You feel better. Letownia's ghost hits you.
* * * LOW HITPOINT WARNING * * *
The small abomination hits you.
* * * LOW HITPOINT WARNING * * *
Letownia's ghost hits you.
* * * LOW HITPOINT WARNING * * *
Press: ? - help, v - describe, . - travel
Here: a small abomination (lightly damaged, summoned)
The floor.
You hit the small abomination.
The small abomination appears confused.
The small abomination is lightly damaged.
Letownia's ghost barely misses you.
The small abomination barely misses you.
You hit the small abomination but do no damage.
The small abomination is lightly damaged.
Xom adds some personal touches to your environment.
Letownia's ghost hits you.
You die...
Xom giggles madly!

######### #..w...#
#.......##### #......#
#.#####.....# . #.....#
#..# ###.####
.8#.....####.# ##__.##.#
>........###x###.._.#..#
.........#..wW@x.#..#..#
#......#.#.#####.....#
#........#.#......#.##
.$.................#..#
.......(............<##
........W###.........#
.......... #.........#
..............####..##
.........#....# #..#


You could see 2 small abominations, a worm and letownia's ghost.

Vanquished Creatures
  A crimson imp (D:4)
  A hound (D:3)
  2 adders
  3 oozes
  2 worms (D:3)
  5 dart slugs
  2 leopard geckos
  An orc (D:3)
  2 giant cockroaches
  6 goblins
  12 hobgoblins
  14 jackals
  A jackal (shapeshifter) (D:1)
  8 kobolds
  A quokka (D:2)
  13 bats
  4 frilled lizards
  A leopard gecko skeleton (D:4)
  10 rats
  A plant (D:3)
90 creatures vanquished.

Vanquished Creatures (others)
  A hobgoblin (D:3)
1 creature vanquished.

Grand Total: 91 creatures vanquished

Notes
Turn   | Place    | Note
-------+----------+-------------------------------------------
     0 | D:1      | Ansu the Draconian Chaos Knight began the quest for the Orb.
     0 | D:1      | Reached XP level 1. HP: 19/19 MP: 1/1
    32 | D:1      | XOM: divination: detect creatures
   143 | D:1      | Reached XP level 2. HP: 26/26 MP: 2/2
   245 | D:1      | Gained mutation: You occasionally shout uncontrollably at your foes. [mutagenic meat]
   246 | D:1      | Gained mutation: You are weak. (Str -2) [mutagenic meat]
   247 | D:1      | Gained mutation: You are resistant to hostile enchantments. (MR+) [mutagenic meat]
   411 | D:1      | XOM: harmless Conj miscast
   886 | D:1      | XOM: harmless Conj miscast
   982 | D:1      | Reached XP level 3. HP: 17/33 MP: 3/3
  1576 | D:1      | XOM: scenery: create altars
  2037 | D:2      | Reached skill level 1 in Short Blades
  2124 | D:2      | XOM: stat loss: -1 Int (11/12)
  2380 | D:2      | XOM: harmless Ice miscast
  2438 | D:2      | Found a white marble altar of Elyvilon.
  2468 | D:2      | Reached XP level 4. HP: 31/40 MP: 4/4
  2541 | D:2      | XOM: harmless Tmut miscast
  2568 | D:2      | XOM: 1-stop teleportation journey
  3245 | D:3      | XOM: divination: magic mapping
  3460 | D:3      | XOM: smoke on damage
  3496 | D:3      | Found a burning altar of Makhleb.
  3507 | D:3      | Reached XP level 5. HP: 26/46 MP: 5/5
  3788 | D:3      | XOM: summons 2 hostile demons
  3807 | D:3      | XOM: fog
  3911 | D:3      | XOM: cloud trail
  4051 | D:3      | XOM: cloud trail
  4112 | D:3      | Gained mutation: You expend magic power (3 MP) to strengthen your wands. [mutagenic glow]
  4164 | D:3      | Gained mutation: Your body sometimes deteriorates upon taking damage. [mutagenic glow]
  4262 | D:3      | Gained mutation: You are occasionally teleported next to monsters. [mutagenic glow]
  4278 | D:3      | XOM: medium Hex miscast
  4802 | D:4      | Reached skill level 1 in Stealth
  4830 | D:4      | Noticed letownia's ghost (amateur OpTm)
  4847 | D:4      | XOM: enchant monster (bad)
  4851 | D:4      | XOM: medium Summ miscast
  4852 | D:4      | Noticed a small abomination
  4855 | D:4      | XOM: scenery: create altars
  4855 | D:4      | Slain by letownia's ghost

Skill      XL: |  1  2  3  4  5 |
---------------+----------------+-----
Short Blades   | 1 |  1.4
Dodging        | 3 |  3.2
Fighting       | 4 |  4.2
Long Blades    | 4 |  4.4
Stealth        | 1 |  1.2

Action                   |  1- 3 |  4- 6 || total
-------------------------+-------+-------++-------
Melee: Falchion          |    43 |   199 ||   242
       Tailslap          |    38 |    29 ||    67
       Dagger            |   349 |       ||   349
  Use: Scroll            |     4 |     1 ||     5
       Potion            |       |     1 ||     1
 Stab: Paralysed         |     1 |     5 ||     6
       Sleeping          |     1 |       ||     1
  Eat: Chunk             |     8 |     8 ||    16
Armor: Skin              |   204 |    48 ||   252
Dodge: Dodged            |   388 |    99 ||   487
       Rpst.: Falchion   |     9 |    23 ||    32
